 Dungeon Crawl Stone Soup version 0.31-a0-1111-ga3525b893c (webtiles) character file.

Game seed: 13167450365737424133

28 TheLordTroll the Slasher (level 3, -3/30 HPs)
             Began as a Minotaur Gladiator on Dec 3, 2023.
             Slain by a gnoll
             ... wielding a +0 halberd
              (8 damage)
             ... on level 2 of the Dungeon.
             The game lasted 00:02:02 (992 turns).

TheLordTroll the Slasher (Minotaur Gladiator)        Turns: 992, Time: 00:02:03

Health: -3/30      AC:  3    Str: 20    XL:     3   Next: 0%
Magic:  2/2        EV: 11    Int:  5    God:
Gold:   87         SH:  7    Dex: 11    Spells: 2/2 levels left

rFire   . . .        a - +0 long sword
rCold   . . .        i - +0 kite shield
rNeg    . . .        b - +0 leather armour
rPois   .            c - +0 hat
rElec   .            (no cloak)
rCorr   .            (no gloves)
SInv    .            (no boots)
Will    .....        (no amulet)
Stlth   +            (no ring)
HPRegen 0.25/turn    (no ring)
MPRegen 0.08/turn

%: no passive effects
@: no status effects
A: horns 2, retaliatory headbutt
a: no special abilities


You were on level 2 of the Dungeon.
You visited 1 branch of the dungeon, and saw 2 of its levels.

You collected 87 gold pieces.

Inventory:

Hand Weapons
 a - a +0 long sword (weapon)
 g - a +2 dagger of pain
Missiles
 d - 3 throwing nets (quivered)
 e - a javelin
Armour
 b - a +0 leather armour (worn)
 c - a +0 hat (worn)
 i - a +0 kite shield (worn)
Scrolls
 f - a scroll of enchant weapon {unknown}
Potions
 h - a potion of berserk rage {unknown}


   Skills:
 + Level 2.6 Fighting
 + Level 4.4 Long Blades
 + Level 2.3 Throwing
 + Level 0.2 Armour
 + Level 3.5 Dodging


You had 2 spell levels left.
You didn't know any spells.
Your spell library was empty.

Dungeon Overview and Level Annotations

Branches:
Dungeon (2/15)

Altars:


Innate Abilities, Weirdness & Mutations

You have a pair of horns on your head.
You reflexively headbutt those who attack you in melee.


Message History

You climb downwards.
There is a stone staircase leading up here.
You now have 87 gold pieces (gained 12).
A gnoll comes into view. It is wielding a +0 spear.
The gnoll shouts!
The gnoll throws a javelin.
The javelin pierces through you!
The gnoll throws a javelin.
The javelin closely misses you.
A gnoll comes into view. It is wielding a +0 halberd.
The gnoll shouts!
The gnoll throws a javelin.
The javelin barely misses you. You block the gnoll's attack.
The gnoll closely misses you. The gnoll hits you with a +0 spear.
You block the gnoll's attack. You block the gnoll's attack.
The gnoll barely misses you. You furiously retaliate!
You headbutt the gnoll, but do no damage.
You hit the gnoll.
The gnoll is moderately wounded.
The gnoll hits you with a +0 spear. The gnoll misses you.
The gnoll barely misses you. The gnoll hits you with a +0 spear.
You slash the gnoll!
The gnoll is almost dead.
The gnoll hits you with a +0 spear. The gnoll closely misses you.
You closely miss the gnoll.
The gnoll is almost dead.
You block the gnoll's attack.
The gnoll hits you from afar with a +0 halberd!
* * * LOW HITPOINT WARNING * * *
The gnoll barely misses you. x2
You hit the gnoll. You headbutt the gnoll.
You kill the gnoll!
The gnoll closely misses you.
You have reached level 3!
Your experience leads to an increase in your attributes!
Increase (S)trength, (I)ntelligence, or (D)exterity?
You feel stronger. x2
The gnoll attacks as it pursues you!
The gnoll hits you from afar with a +0 halberd!
You die...

####..## #......
#.##..# . #
#.##..# ...
#.##.##..##...#
#......g......#
####g#######....
#.# . #@###
##.#.##
#.....####
#........+
#.....####
##.#.## #.###
#.# #.#


You could see a gnoll.

Vanquished Creatures
  A gnoll (D:2)
  A ball python (D:1)
  A giant cockroach (D:1)
  2 goblins (D:1)
  4 jackals (D:1)
  3 kobolds (D:1)
  2 quokkas (D:1)
  A bat (D:1)
  A frilled lizard (D:1)
16 creatures vanquished.

Notes
Turn   | Place    | Note
-------+----------+-------------------------------------------
     0 | D:1      | TheLordTroll the Minotaur Gladiator began the quest for the
                  | Orb.
     0 | D:1      | Reached XP level 1. HP: 18/18 MP: 0/0
   356 | D:1      | Reached skill level 4 in Long Blades
   396 | D:1      | Reached XP level 2. HP: 25/25 MP: 1/1
   534 | D:1      | Found a faded altar of an unknown god.
   992 | D:2      | Reached XP level 3. HP: 5/30 MP: 2/2
   992 | D:2      | Slain by a gnoll

Illustrated notes

Levels and vault maps discovered:
D:1:      amcnicky_arrival_gap_in_the_tavern_cellar, layout_basic,
          hellmonk_ecumenical_altar_crossroads, chequers_serial_rivers_small_3
D:2:      layout_loops_corners

Skill      XL: |  1 |
---------------+----+-----
Long Blades    | 4 |  4.4
Fighting       | |  2.6
Throwing       | |  2.3
Armour         | |  0.2
Dodging        | |  3.5

Action                     || total
---------------------------++-------
  Melee: Long sword        ||    43
         Headbutt          ||     7
 Armour: Leather armour    ||    30
  Dodge: Dodged            ||    39
  Block: Kite shield       ||     4

Table legend: (Time is in decaauts)
 A = Elapsed time spent in this place.
 B = Non-inter-level travel time spent in this place.
 C = Inter-level travel time spent in this place.
 D = Time resting spent in this place.
 E = Time spent auto-exploring this place.
 F = Levels seen in this place.
 G = Mean time per level.
                   A        B        C        D        E       F      G
               +--------+--------+--------+--------+--------+-----+--------+
         Total |   1002 |    942 |     60 |     33 |    758 |   2 |  501.0 |
       Dungeon |   1002 |    942 |     60 |     33 |    758 |   2 |  501.0 |
               +--------+--------+--------+--------+--------+-----+--------+

Top non-repeatable levels by time:
     D:1: 945 daAuts
     D:2: 57 daAuts
